 Dungeon Crawl Stone Soup version 0.30-a0-719-gcc4359ea44 (webtiles) character file.

Game seed: 8408123607000394872

498 Fenrisus the Trooper (level 7, -6/58 (61) HPs)
             Began as a Hill Orc Fighter on Jan 26, 2023.
             Killed from afar by Dowan (16 damage)
             ... with a stone arrow
             ... on level 4 of the Dungeon.
             The game lasted 00:07:49 (2935 turns).

Fenrisus the Trooper (Hill Orc Fighter)             Turns: 2935, Time: 00:07:50

HP:   -6/58 (61)    AC:  9    Str: 21    XL:     7   Next: 16%
MP:   7/7           EV: 14    Int:  8    God:
Gold: 134           SH:  5    Dex: 10    Spells: 6/6 levels left

rFire   . . .      SeeInvis .    j - +5 rapier of Yesterday {vamp, rCorr}
rCold   . . .      Faith    .    c - +0 buckler
rNeg    . . .      Spirit   .    b - +0 scale mail
rPois   .          Reflect  .    t - +0 helmet
rElec   .          Harm     .    e - +0 cloak
rCorr   +          Rampage  .    (no gloves)
Will    .....                    (no boots) Stlth
                                 (no amulet)
HPRegen 0.29/turn                f - +5 ring of evasion
MPRegen 0.10/turn                m - ring of flight

@: flying, lightly drained
A: no striking features
a: no special abilities


You were on level 4 of the Dungeon.
You visited 1 branch of the dungeon, and saw 4 of its levels.

You collected 134 gold pieces.

Inventory:

Hand Weapons
 a - a +0 war axe
 j - the +5 rapier of Yesterday (weapon) {vamp, rCorr}
   (You found it on level 2 of the Dungeon)

   rCorr:     It protects you from acid and corrosion.
Armour
 b - a +0 scale mail (worn)
 c - a +0 buckler (worn)
 e - a +0 cloak (worn)
 t - a +0 helmet (worn)
Jewellery
 f - a +5 ring of evasion (left hand)
 l - a ring of magical power
 m - a ring of flight (right hand)
 o - an amulet of faith
Wands
 p - a wand of iceblast (5)
 q - a wand of digging (7)
 s - a wand of flame (11)
Scrolls
 r - a scroll of identify
Potions
 d - a potion of ambrosia {unknown}
 g - a potion of curing {unknown}
 h - a potion of degeneration {unknown}
 i - 2 potions of haste
 k - a potion of mutation
 n - a potion of heal wounds {unknown}


   Skills:
 + Level 5.4 Fighting
 + Level 2.6 Short Blades
 + Level 5.0 Axes
 + Level 4.9 Armour
 + Level 4.9 Shields


You had 6 spell levels left.
You didn't know any spells.
Your spell library contained the following spells:

 Spells                   Type           Power      Damage    Failure   Level
 Scorch                   Fire           0%         2d5       91%         2
 Flame Wave               Conj/Fire      0%         2d4       100%        4
 Summon Cactus Giant      Summ           0%         N/A       100%        6


Dungeon Overview and Level Annotations

Branches:
Dungeon (4/15)
 Temple: D:4-7

Altars:
Hepliaklqana
Qazlal
Yredelemnul

Shops:
D:1 :   D:2 (

Annotations:
D:4 Dowan


Message History

Dowan hits you with a +0 dagger. Dowan hits you but does no damage.
You puncture Dowan!
You feel better.
Dowan is severely wounded.
Dowan gestures at you while chanting. The stone arrow hits you!
You barely miss Dowan.
Dowan is heavily wounded.
Dowan gestures wildly while chanting.
Dowan blinks!
You hit the wight.
The wight is moderately damaged.
Dowan casts a spell.
Dowan blinks!
You block the wight's attack.
You puncture the wight!
The wight is severely damaged.
You block the wight's attack.
You hit the wight.
The wight is almost destroyed.
Dowan casts a spell at you. The shard of ice hits you.
The wight hits you with a +4 battleaxe.
You feel drained.
You hit the wight but do no damage.
The wight is almost destroyed.
The wight hits you with a +4 battleaxe!
You feel drained.
You are too injured to fight recklessly!
You are too injured to fight recklessly!
You are too injured to fight recklessly!
The wight attacks as you move away! The wight hits you with a +4 battleaxe!
* * * LOW HITPOINT WARNING * * *
Dowan gestures at you while chanting. The stone arrow misses you.
Dowan casts a spell at you. The shard of ice hits you!
* * * LOW HITPOINT WARNING * * *
Dowan casts a spell at you. The shard of ice misses you.
Items here: )) [[.
Dowan points at you and mumbles some strange words.
The stone arrow hits you!
You die...

#.......#
#.......#
#.......#
#####.......#
.......e....#
#..........#
#.......#
#..z)@..#
#..[....#
###.......#
##..<..#####
##.......##
#.........#
#..)......#
#.........#
#.........#


You could see Dowan (fast) and a wight.

Vanquished Creatures
  Grinder (D:3)
  Duvessa (D:4)
  A wight (D:4)
  Ijyb (D:3)
  Jessica (D:2)
  4 adders
  2 adder zombies (D:3)
  An orc (D:3)
  5 ball pythons
  6 bats
  6 endoplasms
  5 giant cockroaches
  4 goblins
  5 hobgoblins
  2 jackals (D:1)
  2 quokkas
  4 frilled lizards
  A jackal zombie (D:3)
  7 kobolds
  6 rats
  A spectral orc (D:3)
66 creatures vanquished.

Notes
Turn   | Place    | Note
-------+----------+-------------------------------------------
     0 | D:1      | Fenrisus the Hill Orc Fighter began the quest for the Orb.
     0 | D:1      | Reached XP level 1. HP: 19/19 MP: 1/1
    49 | D:1      | Reached XP level 2. HP: 16/27 MP: 2/2
   350 | D:1      | Found Gaelun's Book Shoppe.
   911 | D:2      | Reached XP level 3. HP: 33/33 MP: 3/3
  1025 | D:2      | Found Xubetot's Antique Weapon Shoppe.
  1039 | D:2      | Identified the +5 rapier of Yesterday {vamp, rCorr}
  1319 | D:2      | Reached XP level 4. HP: 40/40 MP: 4/4
  1576 | D:2      | Noticed Jessica
  1585 | D:2      | Killed Jessica
  1710 | D:3      | Noticed Ijyb
  1726 | D:3      | Killed Ijyb
  1727 | D:3      | Reached skill level 1 in Short Blades
  1733 | D:3      | Reached XP level 5. HP: 42/47 MP: 5/5
  1733 | D:3      | Noticed Grinder
  1752 | D:3      | Killed Grinder
  1753 | D:3      | Reached skill level 5 in Fighting
  1753 | D:3      | Reached XP level 6. HP: 55/56 MP: 6/6
  1770 | D:3      | Found a basalt altar of Yredelemnul.
  2074 | D:3      | Found a stormy altar of Qazlal.
  2633 | D:3      | Found a hazy altar of Hepliaklqana.
  2734 | D:4      | Noticed Duvessa
  2734 | D:4      | Noticed Dowan
  2921 | D:4      | Killed Duvessa
  2922 | D:4      | Reached skill level 5 in Axes
  2922 | D:4      | Reached XP level 7. HP: 53/61 MP: 7/7
  2935 | D:4      | Killed from afar by Dowan

Illustrated notes

Levels and vault maps discovered:
D:1:      minmay_arrival_nine_rooms, layout_basic, serial_shops,
          nicolae_shop_hallway_stairs
D:2:      minmay_door_path, layout_loops_cross, serial_shops, shop,
          nicolae_titane, uniq_jessica
D:3:      layout_basic, nicolae_yredelemnul_corpse_copse,
          nicolae_hepliaklqana_monster_ancestors, grunt_qazlal_sundering,
          uniq_ijyb, uniq_grinder
D:4:      layout_rooms, minmay_temple_entry_large_hall, uniq_robin,
          uniq_duvessa, uniq_pikel

Skill      XL: |  1  2  3  4  5  6 |
---------------+-------------------+-----
Axes           | 3 4 5 |  5.0
Fighting       | 4 5 |  5.4
Armour         | 4 |  4.9
Short Blades   | 1 2 |  2.6
Shields        | 4 |  4.9

Action                     |  1- 3 |  4- 6 |  7- 9 || total
---------------------------+-------+-------+-------++-------
  Melee: War axe           |    73 |       |       ||    73
         Rapier            |    26 |   103 |     8 ||   137
  Evoke: Wand              |       |     3 |       ||     3
    Use: Potion            |       |     1 |       ||     1
         Scroll            |       |     3 |       ||     3
 Armour: Scale mail        |    42 |    30 |     3 ||    75
  Dodge: Dodged            |    65 |    69 |     3 ||   137
  Block: Buckler           |    17 |    18 |     2 ||    37

Table legend: (Time is in decaauts)
 A = Elapsed time spent in this place.
 B = Non-inter-level travel time spent in this place.
 C = Inter-level travel time spent in this place.
 D = Time resting spent in this place.
 E = Time spent auto-exploring this place.
 F = Levels seen in this place.
 G = Mean time per level.
                   A        B        C        D        E       F      G
               +--------+--------+--------+--------+--------+-----+--------+
         Total |   2985 |   2548 |    437 |     83 |   1958 |   4 |  746.2 |
       Dungeon |   2985 |   2548 |    437 |     83 |   1958 |   4 |  746.2 |
               +--------+--------+--------+--------+--------+-----+--------+

Top non-repeatable levels by time:
     D:3: 1144 daAuts
     D:1: 875 daAuts
     D:2: 861 daAuts
     D:4: 105 daAuts
